Map: Ever Dream LE

Players

Nyrek

  • Race: Terran Terran
  • League: Diamond
  • Spawn Location: 1:00

NoFrx - Winner!

  • Race: Zerg Zerg
  • League: Diamond
  • Spawn Location: 7:00

VOD

Have the link to the VOD?

Description

Casual cast + some advice :)

Time

  • Played on: April 5, 2020, 2:57 p.m.
  • Length: 17:25
Show
View Real Time Build Order
Export as new Build Order

Nyrek Terran 

Build Orders: Reaper Expand 

Get SALT Encoding   

  12  0:00  SCV  
  13  0:13  SCV  
  14  0:17  Supply Depot  
  14  0:25  SCV  
  15  0:38  SCV  
  15  0:41  Barracks  
  16  0:43  Refinery  
  16  0:50  SCV  
  17  1:03  SCV  
  18  1:15  SCV  
  19  1:28  Reaper, Orbital Command  
  20  1:40  Command Center  
  20  1:50  Barracks  
  20  2:01  Barracks Reactor  
  20  2:03  Supply Depot  
  20  2:07  SCV  
  21  2:19  SCV  
  21  2:22  Factory  
  22  2:31  SCV  
  22  2:33  Refinery  
  23  2:37  Marine x2  
  23  2:39  Barracks Tech Lab  
  23  2:43  SCV  
  26  2:55  SCV, Orbital Command, Marine x2  
  29  3:02  Marine  
  30  3:10  Stimpack  
  30  3:11  SCV  
  31  3:13  Marine  
  32  3:21  SCV  
  32  3:23  SCV  
  32  3:25  Marine x2  
  36  3:31  Factory Reactor, Starport  
  36  3:35  SCV  
  36  3:36  SCV  
  36  3:39  Refinery  
  36  3:41  Marine  
  39  3:48  Supply Depot  
  39  3:49  SCV  
  39  3:50  SCV  
  39  3:51  Marine  
  39  3:52  Marine  
  43  4:01  SCV  
  43  4:02  SCV, Marine  
  46  4:10  Marine x2  
  46  4:13  SCV, Medivac  
  51  4:19  Supply Depot  
  51  4:20  Marine  
  51  4:21  Supply Depot, Medivac  
  54  4:28  Factory Tech Lab  
  54  4:29  SCV x2, Marine  
  54  4:30  Marine  
  58  4:38  Marine  
  59  4:42  SCV  
  59  4:43  Supply Depot  
  59  4:50  SCV, Marine x2  
  62  4:54  SCV  
  62  4:55  Marine  
  64  5:07  Barracks, Siege Tank  
  67  5:08  SCV, Marine x2  
  67  5:09  SCV  
  67  5:13  Marine  
  72  5:14  Medivac  
  72  5:17  Supply Depot  
  74  5:26  Reaper, Marine  
  75  5:38  Command Center  
  70  6:04  Marine x3  
  70  6:05  Medivac  
  70  6:06  Siege Tank  
  78  6:11  SCV  
  78  6:12  SCV  
  78  6:16  Combat Shield, Engineering Bay  
  78  6:17  Engineering Bay  
  78  6:18  Marine x2  
  80  6:22  Marine  
  80  6:23  SCV  
  80  6:24  SCV  
  85  6:32  Barracks  
  85  6:33  Refinery, Barracks  
  85  6:35  SCV  
  85  6:36  SCV  
  87  6:46  Marine x5  
  91  6:47  Medivac  
  91  6:48  SCV  
  91  6:49  Siege Tank  
  97  7:04  Marine x3  
  99  7:15  Marine x2  
  101  7:19  Terran Infantry Weapons Level 1, Terran Infantry Armor Level 1  
  101  7:20  Barracks Reactor  
  101  7:21  Barracks Reactor, Starport Reactor  
  101  7:22  Marine x3  
  104  7:24  Orbital Command  
  104  7:27  Bunker  
  104  7:31  Supply Depot x2  
  104  7:32  Marine  
  104  7:33  Marine  
  106  7:39  Marine x2  
  106  7:40  Marine  
  95  7:58  Marine x5  
  92  7:59  Marine  
  92  8:00  Medivac x2, Marine x2  
  92  8:01  Marine  
  107  8:10  Widow Mine  
  106  8:13  Factory  
  106  8:15  SCV x2  
  106  8:16  Armory  
  106  8:17  Barracks  
  106  8:19  SCV, Barracks  
  109  8:20  Supply Depot  
  109  8:24  Marine  
  110  8:27  SCV x2  
  110  8:30  Medivac, Refinery  
  110  8:32  SCV  
  110  8:33  Medivac, Marine x2  
  110  8:34  Marine x4  
  120  8:39  SCV  
  121  9:10  Factory Tech Lab  
  121  9:11  Siege Tank  
  121  9:12  Marauder, Barracks Tech Lab  
  121  9:15  Marine x2  
  121  9:16  SCV x3  
  131  9:19  Barracks Reactor  
  131  9:23  Marine x2  
  131  9:24  Marine x3  
  113  9:25  Marine  
  113  9:28  SCV x2  
  118  9:33  Siege Tank  
  118  9:34  Marauder, Marine  
  118  9:35  Marauder, Marine  
  127  9:41  SCV x3, Marine x3  
  133  9:49  Supply Depot, Command Center  
  133  9:50  Marine  
  133  9:51  Marine x2  
  133  9:52  Missile Turret, Marine  
  132  9:53  Marine, Siege Tank  
  132  9:55  Marauder  
  132  9:56  Marauder  
  132  9:57  Marine x2  
  132  9:59  Marine  
  141  10:10  Marine x2  
  143  10:16  SCV x3, Marauder  
  143  10:18  Supply Depot  
  143  10:19  Refinery  
  148  10:21  Missile Turret  
  148  10:22  Sensor Tower  
  148  10:23  Marine, Sensor Tower  
  149  10:40  SCV x2, Marauder, Marine x4  
  157  11:00  Marine x6  
  157  11:01  SCV, Marauder, Siege Tank x2  
  172  11:05  Marauder  
  122  11:18  Marine  
  122  11:22  Marauder  
  123  11:27  Marauder  
  123  11:31  Marine x3  
  123  11:32  Marine x2  
  123  11:33  Marine, Siege Tank x2  
  123  11:37  Marine x4  
  129  11:44  Marauder  
  129  11:48  Marauder, Command Center  
  129  11:49  Marine x3  
  129  11:50  Marine  
  129  11:52  Medivac  
  129  11:53  Medivac  
  133  11:54  Terran Infantry Armor Level 2, Terran Infantry Weapons Level 2  
  133  11:56  Marine x2  
  133  11:57  Marine x4  
  133  11:59  SCV, Starport  
  133  12:00  SCV  
  141  12:04  Supply Depot  
  141  12:05  Marauder, Siege Tank x2  
  141  12:08  Marine x2  
  149  12:09  Marauder  
  149  12:10  Supply Depot x2  
  153  12:26  Marauder  
  145  12:31  Marauder  
  137  12:37  Marine x2  
  137  12:38  Marine  
  129  12:47  Marine x6  
  135  12:52  Marauder  
  135  12:56  Siege Tank  
  135  12:57  Siege Tank  
  143  12:59  Supply Depot  
  143  13:01  Medivac x3  
  143  13:02  Marine x5  
  143  13:04  Marine x2  
  143  13:05  Marine  
  157  13:11  Missile Turret  
  157  13:21  Marauder  
  159  13:29  Siege Tank x2  
  159  13:33  Medivac x2, Marine x6  
  175  13:42  Marauder  
  175  13:43  Marine x3  
  180  14:05  Marine x4  
  180  14:07  Marauder  
  127  14:28  Marauder  
  118  14:47  Liberator  
  118  14:48  Liberator x2  
  118  14:50  Marauder  
  118  14:51  Planetary Fortress  
  129  14:54  Missile Turret, Fusion Core  
  129  15:11  Marauder  
  131  15:18  Widow Mine x2  
  131  15:19  Marine x9  
  131  15:20  Marine x2  
  131  15:30  Liberator x2  
  131  15:33  Marauder  
  139  15:36  Marine  
  139  15:37  Refinery, Marine x4  
  139  15:38  Refinery  
  139  15:39  Widow Mine  
  146  15:42  Marine  
  113  15:58  Marauder, Marine x2  
  99  16:09  Marine x3  
Show
View Real Time Build Order
Export as new Build Order

NoFrx Zerg - Winner!

Build Orders: Hatch First 

Get SALT Encoding   

  12  0:01  Drone  
  13  0:12  Overlord  
  13  0:16  Drone  
  14  0:31  Drone x2  
  16  0:48  Hatchery  
  15  0:52  Drone  
  15  0:55  Drone  
  17  0:58  Drone  
  18  1:09  Extractor  
  17  1:15  Spawning Pool  
  17  1:17  Drone  
  17  1:21  Drone  
  18  1:28  Drone  
  19  1:39  Drone  
  20  1:50  Overlord  
  20  2:01  Queen x2  
  20  2:02  Zergling x2  
  20  2:03  Zergling x2  
  26  2:10  Metabolic Boost  
  26  2:24  Hatchery  
  26  2:28  Drone  
  26  2:30  Drone  
  26  2:33  Drone  
  26  2:36  Drone  
  28  2:53  Overlord  
  28  2:54  Drone x3  
  31  3:00  Overlord  
  31  3:02  Drone  
  31  3:05  Queen  
  34  3:07  Drone  
  34  3:12  Overlord  
  35  3:27  Drone x4  
  35  3:28  Queen, Drone  
  42  3:38  Overlord  
  42  3:40  Queen  
  44  3:49  Queen  
  46  3:56  Overlord  
  46  3:57  Drone x5  
  46  3:59  Drone  
  52  4:07  Spore Crawler  
  52  4:08  Spore Crawler  
  52  4:09  Zergling x6  
  53  4:10  Zergling x2  
  53  4:16  Spore Crawler  
  53  4:20  Lair  
  53  4:30  Overlord  
  53  4:34  Drone x7  
  53  4:35  Drone  
  61  4:45  Overlord  
  61  4:46  Drone x2  
  61  4:47  Drone x2  
  61  4:51  Extractor  
  64  4:53  Evolution Chamber, Extractor  
  64  4:54  Evolution Chamber  
  64  4:55  Extractor  
  60  5:02  Drone x5  
  60  5:03  Drone  
  66  5:08  Lair  
  66  5:13  Drone, Baneling Nest  
  66  5:14  Drone x2  
  68  5:24  Zerg Melee Weapons Level 1  
  68  5:34  Zergling x20  
  78  5:39  Overlord x2  
  76  5:51  Overlord x2  
  75  6:02  Zergling x12  
  77  6:08  Overlord x2  
  77  6:10  Zergling x2  
  78  6:12  Zerg Ground Armor Level 1  
  78  6:22  Drone  
  78  6:23  Drone x2  
  81  6:29  Hatchery  
  80  6:44  Drone x9  
  89  6:47  Hatchery  
  88  6:55  Extractor x2  
  88  6:56  Centrifical Hooks  
  88  6:59  Zergling x16, Hydralisk Den  
  93  7:05  Infestation Pit  
  93  7:06  Baneling x4  
  89  7:08  Zergling x4  
  91  7:23  Zergling x20  
  101  7:38  Zergling x10  
  95  7:57  Zerg Melee Weapons Level 2  
  95  8:00  Grooved Spines  
  95  8:01  Hydralisk x11  
  117  8:18  Pneumatized Carapace  
  117  8:22  Drone x7  
  117  8:23  Drone x7  
  131  8:30  Baneling x12  
  131  8:31  Zergling x6  
  131  8:33  Overlord x2  
  131  8:34  Overlord x2  
  134  8:35  Overlord  
  134  8:40  Overlord x2  
  132  9:06  Zergling x2  
  132  9:07  Zergling x32  
  149  9:12  Muscular Augments  
  135  9:27  Hive  
  135  9:28  Zerg Missile Weapons Level 1  
  135  9:34  Drone x2  
  135  9:35  Drone x6  
  143  9:43  Zergling x4  
  143  9:44  Zergling x24  
  150  10:13  Overlord x4, Zerg Ground Armor Level 2  
  150  10:14  Zergling x28  
  151  10:15  Zergling x2  
  151  10:16  Baneling x5  
  151  10:17  Baneling x11  
  151  10:18  Hatchery x2  
  163  10:48  Adrenal Glands  
  163  10:51  Ultralisk Cavern  
  163  10:56  Hydralisk  
  163  10:57  Hydralisk x8  
  162  10:58  Zergling x12, Extractor x2  
  162  10:59  Zergling x2, Hatchery  
  162  11:00  Baneling x2  
  162  11:02  Spine Crawler  
  177  11:04  Spore Crawler  
  144  11:18  Hydralisk x3  
  144  11:19  Zergling x6  
  144  11:20  Zergling x22  
  164  11:27  Zergling x2  
  164  11:28  Zergling x12  
  151  11:47  Drone x3  
  151  11:48  Drone x12  
  166  11:57  Chitinous Plating  
  166  12:03  Baneling x13  
  166  12:04  Baneling  
  135  12:32  Zergling x20  
  135  12:33  Zergling x30  
  142  12:54  Spire  
  141  13:01  Zergling x18  
  141  13:02  Zergling x12  
  141  13:05  Baneling x7  
  156  13:06  Baneling x10  
  156  13:11  Drone  
  156  13:12  Drone x8  
  165  13:14  Drone x2  
  167  13:37  Ultralisk x3  
  185  13:42  Zerg Melee Weapons Level 3  
  169  14:15  Zergling x4  
  169  14:16  Zergling x6, Ultralisk  
  169  14:17  Ultralisk x5  
  170  14:18  Zergling x8  
  167  14:25  Zergling x16  
  167  14:26  Zergling x2  
  176  14:35  Zergling x20  
  176  14:36  Zergling x2  
  187  14:43  Zerg Ground Armor Level 3  
  187  14:53  Zergling x22  
  187  14:54  Zergling x4  
  197  15:18  Hydralisk x4  
  198  15:23  Baneling x12  
  198  15:24  Baneling x8  
  196  15:55  Zergling x28  
  196  15:56  Zergling x2  
  172  16:28  Hydralisk x9  
  172  16:29  Hydralisk x12  
  183  16:42  Extractor x2  
Tags
 
Add a new tag
Caveats
  • Supply blocks, unpowered buildings, or Contaminate may cause inaccurate times.
  • Supply counts are checked every 10 seconds.